 Dungeon Crawl Stone Soup version 0.30-a0-639-g3916f1956a (webtiles) character file.

Game seed: 12728541242401264969

18620 wormed the Covert (level 12, -12/77 HPs)
             Began as a Kobold Brigand on Jan 17, 2023.
             Was a Believer of Uskayaw.
             Mangled by a culicivora (21 damage)
             ... on level 2 of the Lair of Beasts.
             The game lasted 00:16:59 (13478 turns).

wormed the Covert (Kobold Brigand)                 Turns: 13478, Time: 00:16:59

Health: -12/77     AC:  4    Str: 10    XL:     12   Next: 97%
Magic:  19/19      EV: 27    Int: 15    God:    Uskayaw [**....]
Gold:   811        SH:  7    Dex: 31    Spells: 11/11 levels left

rFire   . . .      SeeInvis .    E - +3 rapier (holy)
rCold   . . .      Faith    +    z - +0 buckler
rNeg    . . .      Spirit   .    i - +0 robe "Xoelofao" {Will+ Dex+4 Archmagi}
rPois   +          Reflect  .    A - +0 hat "Yfefoir" {Contam Fly Int+3 Dex+7}
rElec   .          Harm     .    c - +0 cloak
rCorr   .          Rampage  .    (no gloves)
Will    +....      Archmagi +    y - +0 pair of boots
Stlth   +++++++                  J - amulet of faith
HPRegen 0.32/turn                F - ring of poison resistance
MPRegen 0.16/turn                s - ring of flight

@: about to teleport, flying, studying Polearms
A: small, no large weapons, nightstalker 3
a: Renounce Religion, Stomp, Line Pass


You were on level 2 of the Lair of Beasts.
You worshipped Uskayaw.
Uskayaw was aware of your devotion.
You visited 2 branches of the dungeon, and saw 13 of its levels.
You also visited: Bailey.

You collected 811 gold pieces.

Inventory:

Hand Weapons
 a - a +2 dagger
 k - a +2 dagger of speed
 D - a +5 dagger
 E - a +3 rapier of holy wrath (weapon)
Missiles
 d - 46 poisoned darts (quivered)
 e - 3 curare-tipped darts
 g - a throwing net
Armour
 c - a +0 cloak (worn)
 i - the +0 robe "Xoelofao" (worn) {Will+ Dex+4 Archmagi}
   (You found it on level 2 of the Dungeon)

   Dex:       It affects your dexterity (+4).
   Archmagi:  It increases the power of your magical spells.
   Will:      It increases your willpower.
 y - a +0 pair of boots (worn)
 z - a +0 buckler (worn)
 A - the +0 hat "Yfefoir" (worn) {Contam Fly Int+3 Dex+7}
   (You found it on level 8 of the Dungeon)

   Int:       It affects your intelligence (+3).
   Dex:       It affects your dexterity (+7).
   Fly:       It grants you flight.
   Contam:    It causes magical contamination when unequipped.
Jewellery
 s - a ring of flight (right hand)
 B - a ring of magical power
 F - a ring of poison resistance (left hand)
 J - an amulet of faith (around neck)
Wands
 j - a wand of iceblast (18)
 l - a wand of flame (16)
 r - a wand of charming (10)
 C - a wand of light (8)
Scrolls
 b - a scroll of silence
 x - 3 scrolls of teleportation
 G - 2 scrolls of identify
 H - 2 scrolls of fog
 I - a scroll of enchant armour {unknown}
Potions
 f - a potion of brilliance
 h - 5 potions of mutation
 m - 4 potions of curing {unknown}
 n - a potion of resistance
 o - 3 potions of flight {unknown}
 p - 2 potions of lignification {unknown}
 q - a potion of might
 t - 7 potions of heal wounds
 u - 3 potions of cancellation {unknown}
 v - 9 potions of haste {unknown}
 w - 2 potions of magic {unknown}


   Skills:
 + Level 10.0 Fighting
 + Level 12.3 Short Blades
 - Level 2.1 Throwing
 + Level 10.7 Dodging
 + Level 13.5 Stealth
 + Level 3.5 Shields
 + Level 9.8 Invocations


You had 11 spell levels left.
You didn't know any spells.
Your spell library contained the following spells:

 Spells                   Type           Power      Damage    Failure   Level
 Cigotuvi's Dreadful Rot  Necr/Pois/Air  0%         N/A       52%         2
 Lesser Beckoning         Tloc           0%         N/A       52%         2
 Poisonous Vapours        Pois/Air       0%         N/A       52%         2
 Call Canine Familiar     Summ           0%         N/A       75%         3
 Gell's Gravitas          Tloc           0%         N/A       75%         3
 Mephitic Cloud           Conj/Pois/Air  0%         N/A       75%         3
 Portal Projectile        Hex/Tloc       0%         N/A       75%         3
 Teleport Other           Tloc           0%         N/A       75%         3
 Leda's Liquefaction      Hex/Erth       0%         N/A       98%         4
 Dispersal                Tloc           0%         N/A       100%        6


Dungeon Overview and Level Annotations

Branches:
Dungeon (10/15)            Temple (0/1) D:5            Lair (3/5) D:9
  Swamp (0/4) Lair:3       Spider (0/4) Lair:2          Orc (0/2) D:9
 Bailey (visited)

Altars:
Dithmenos
Elyvilon
Gozag
Hepliaklqana
Kikubaaqudgha
Okawaru
Qazlal
Ru
Uskayaw
Wu Jian
Yredelemnul
The Shining One
Jiyva

Shops:
D:8 *

Annotations:
D:4 2 transporters, karrick's ghost, novice GnGl
D:9 3 runed translucent doors, exclusion: orange crystal statue


Innate Abilities, Weirdness & Mutations

You are small and have problems with some larger weapons.
You are completely attuned to the shadows.


Message History

The culicivora draws strength from your injuries!
The culicivora bites you!
The culicivora draws strength from your injuries!
The jumping spider's many legs skitter faintly.
You can now pass through a line of other dancers.
You closely miss the culicivora.
The jumping spider leaps!
You barely miss the culicivora. The culicivora misses you.
The jumping spider misses you. You block the jumping spider's attack.
The culicivora completely misses you.
You closely miss the culicivora. The culicivora completely misses you.
The jumping spider completely misses you.
The jumping spider bites you! The jumping spider barely misses you.
The jumping spider completely misses you.
The culicivora completely misses you. x2
As you read the scroll of teleportation, it crumbles to dust.
You feel strangely unstable. You block the jumping spider's attack.
The jumping spider closely misses you. x2; The jumping spider misses you.
The culicivora bites you.
The culicivora draws strength from your injuries!
You block the culicivora's attack.
The jumping spider completely misses you. x2
The jumping spider barely misses you. You block the jumping spider's attack.
You puncture the jumping spider!
The jumping spider is moderately wounded.
The jumping spider is healed somewhat.
The jumping spider's wounds heal themselves!
The jumping spider closely misses you.
The jumping spider completely misses you.
The jumping spider pounces on you!
* * * LOW HITPOINT WARNING * * *
The jumping spider closely misses you.
You hit the jumping spider but do no damage.
The culicivora bites you!
* * * LOW HITPOINT WARNING * * *
The culicivora draws strength from your injuries!
The culicivora misses you.
The jumping spider leaps!
The jumping spider misses you. You block the jumping spider's attack.
You completely miss the culicivora. The culicivora misses you.
The culicivora bites you!!
You die...

##...## #...#####P......###
##....# ##..# #.....##..# #
#.....### ##.# #......#### #
##.......###..###.....## ### #
###P........#...##^^.##.#####.###
..............###.^.##..##P#.....
..^........####^^^..###........##
...........# ##s^°.## ##..####.##
#P.........###.s@..# #...# ##.#
###.......(.#..ss^## #...# ##..
##.......##.>..## #...###...
##.......##...## ##..##....
##........##.## ##..##.....
#.#......## #.#.#......
####..P### #####.P.#...... ##...#
#.##†P......... #..###
####......!.......


You could see 2 culicivoras and 2 jumping spiders.

Vanquished Creatures
  A two-headed ogre (D:8)
  The ghost of porpoise the Fighter, a novice DjFE of Makhleb (D:8)
  A wizard (D:8)
  A lindwurm (Lair:2)
  An ugly thing (D:8)
  A cyclops (D:9)
  2 black mambas (Lair:1)
  Joseph (D:9)
  A torpor snail (Lair:3)
  7 cane toads
  2 rime drakes
  5 komodo dragons
  A hornet (D:8)
  A polar bear (Lair:1)
  3 blink frogs (Lair:1)
  Sigmund (D:2)
  A slime creature (D:9)
  A culicivora (Lair:2)
  6 wyverns
  10 yaks
  Grum (D:8)
  2 acid dragons
  8 water moccasins
  5 orc warriors
  A sky beast (D:6)
  19 wolves
  4 centaurs
  A phantom (D:5)
  Blork the orc (D:4)
  4 kobold brigands
  2 gnoll sergeants (D:9)
  9 bullfrogs
  3 necrophages
  A water moccasin zombie (D:4)
  3 scorpions
  4 wights
  2 vampire bats (D:5)
  4 howler monkeys
  A jelly (D:7)
  Crazy Yiuf (D:5)
  2 hounds
  8 orc priests
  A gnoll bouda (D:8)
  A human zombie (D:4)
  Jessica (D:2)
  Ijyb (D:5)
  5 iguanas
  12 orc wizards
  3 scorpion zombies (D:4)
  A hound zombie (D:4)
  A mummy (D:4)
  16 gnolls
  10 adders
  3 white imps
  An ufetubus (D:4)
  2 adder zombies (D:4)
  3 dart slugs
  43 orcs
  9 bats
  6 endoplasms
  3 giant cockroaches
  5 goblins
  10 hobgoblins
  3 jackals (D:2)
  3 quokkas
  4 ball pythons
  A frilled lizard (D:1)
  11 kobolds
  3 rats
296 creatures vanquished.

Vanquished Creatures (others)
  A bush (Lair:2)
  9 fungi
  A plant (Lair:2)
11 creatures vanquished.

Grand Total: 307 creatures vanquished

Notes
Turn   | Place    | Note
-------+----------+-------------------------------------------
     0 | D:1      | wormed the Kobold Brigand began the quest for the Orb.
     0 | D:1      | Reached XP level 1. HP: 12/12 MP: 1/1
   221 | D:1      | Reached XP level 2. HP: 18/18 MP: 2/2
   385 | D:1      | Reached XP level 3. HP: 16/22 MP: 3/3
   993 | D:2      | Identified the +0 robe "Xoelofao" {Will+ Dex+4 Archmagi}
  1066 | D:2      | Noticed Sigmund
  1081 | D:2      | Killed Sigmund
  1082 | D:2      | Reached skill level 5 in Short Blades
  1082 | D:2      | Reached skill level 6 in Stealth
  1082 | D:2      | Reached XP level 4. HP: 28/28 MP: 4/4
  1082 | D:2      | Reached XP level 5. HP: 32/32 MP: 5/5
  1082 | D:2      | Reached XP level 6. HP: 37/37 MP: 6/6
  1315 | D:2      | Identified the +8 sling "Wicsaug" {flame, rN++ Dex+3}
  1449 | D:2      | Noticed Jessica
  1458 | D:2      | Killed Jessica
  1832 | D:3      | Found an iron altar of Okawaru.
  2189 | D:3      | Found an ornate altar of the Wu Jian Council.
  2192 | D:3      | Found a basalt altar of Yredelemnul.
  2633 | D:4      | Reached XP level 7. HP: 33/42 MP: 7/7
  2676 | D:4      | Reached skill level 7 in Stealth
  2693 | D:4      | Found an ancient bone altar of Kikubaaqudgha.
  2900 | D:4      | Reached XP level 8. HP: 48/48 MP: 8/8
  2901 | D:4      | Found a hide-covered altar of Uskayaw.
  2908 | D:4      | Became a worshipper of Uskayaw the Reveller
  2911 | D:4      | Identified the +7 quarterstaff of the Sharing Penguin
                  | {flame, +Blink Will+ Dex+4}
  2918 | D:4      | Noticed Blork the orc
  2923 | D:4      | Reached * piety under Uskayaw
  2925 | D:4      | Killed Blork the orc
  2949 | D:4      | Reached ** piety under Uskayaw
  2955 | D:4      | Reached *** piety under Uskayaw
  2963 | D:4      | Reached **** piety under Uskayaw
  2967 | D:4      | Reached ***** piety under Uskayaw
  3237 | D:4      | Reached skill level 8 in Stealth
  3374 | D:4      | Identified the +7 great mace of Outrage {heavy, *Rage rPois
                  | rN+ Str+4 SInv}
  3377 | D:4      | Found a transporter.
  3378 | D:4      | Noticed karrick's ghost (novice GnGl)
  3384 | D:4      | Found a transporter.
  3554 | D:5      | Entered Level 5 of the Dungeon
  3566 | D:5      | Reached skill level 5 in Fighting
  3566 | D:5      | Reached skill level 5 in Dodging
  3566 | D:5      | Reached skill level 1 in Invocations
  3615 | D:5      | Found a sacrificial altar of Ru.
  3822 | D:5      | Found a hazy altar of Hepliaklqana.
  3896 | D:5      | Noticed Ijyb
  3909 | D:5      | Killed Ijyb
  3988 | D:5      | Found a staircase to the Ecumenical Temple.
  4020 | D:5      | Reached XP level 9. HP: 54/54 MP: 9/11
  4182 | D:5      | Found a runed translucent door.
  4182 | D:5      | Identified the +8 hammer of Deextot {speed, rCorr}
  4185 | D:5      | Noticed Crazy Yiuf
  4190 | D:5      | Killed Crazy Yiuf
  5170 | D:6      | Reached skill level 9 in Stealth
  5831 | D:7      | Found a glowing golden altar of the Shining One.
  6069 | D:7      | Found a flagged portal.
  6096 | Bailey   | Entered a bailey
  6209 | Bailey   | Reached skill level 10 in Short Blades
  6218 | Bailey   | Reached skill level 5 in Invocations
  6573 | D:7      | Found an opulent altar of Gozag.
  6858 | D:7      | Found a shadowy altar of Dithmenos.
  6968 | D:8      | Found a white marble altar of Elyvilon.
  6990 | D:8      | Identified the +1 ring mail "Qoser" {Regen+}
  7049 | D:8      | Found a runed translucent gate.
  7049 | D:8      | Found a runed translucent gate.
  7050 | D:8      | Found a runed translucent gate.
  7061 | D:8      | Reached XP level 10. HP: 46/60 MP: 14/14
  7097 | D:8      | Noticed porpoise's ghost (novice DjFE)
  7621 | D:8      | Noticed a wizard
  7625 | D:8      | Killed a wizard
  7626 | D:8      | Reached skill level 10 in Stealth
  7668 | D:8      | Identified the +0 hat "Yfefoir" {Contam Fly Int+3 Dex+7}
  7720 | D:8      | Noticed Grum
  7760 | D:8      | Killed Grum
  7960 | D:8      | Found Izer's General Store.
  8095 | D:8      | Noticed a two-headed ogre
  8098 | D:8      | Killed a two-headed ogre
  8111 | D:8      | Noticed a green ugly thing
  8116 | D:8      | Killed a green ugly thing
  8119 | D:8      | Reached skill level 11 in Stealth
  8441 | D:9      | Noticed Joseph
  8445 | D:9      | Killed Joseph
  8446 | D:9      | Reached XP level 11. HP: 68/68 MP: 16/16
  8565 | D:9      | Found a stormy altar of Qazlal.
  8576 | D:9      | Found a staircase to the Lair.
  8678 | D:9      | Noticed a cyclops
  8686 | D:9      | Killed a cyclops
  8891 | D:9      | Found a staircase to the Orcish Mines.
  8902 | D:9      | Found a runed translucent door.
  8986 | D:10     | Entered Level 10 of the Dungeon
  9201 | D:8      | Found a viscous altar of Jiyva.
  9202 | D:8      | Killed porpoise's ghost
  9203 | D:8      | Reached skill level 12 in Stealth
  9433 | D:9      | Found a runed translucent door.
  9451 | D:9      | Found a runed translucent door.
  9467 | D:9      | Found a runed translucent door.
  9728 | D:9      | Noticed an orange crystal statue
 10032 | Lair:1   | Entered Level 1 of the Lair of Beasts
 10150 | Lair:1   | Reached skill level 1 in Shields
 10305 | Lair:1   | Reached XP level 12. HP: 76/76 MP: 18/18
 10902 | Lair:1   | Reached skill level 10 in Dodging
 11755 | Lair:2   | Reached skill level 13 in Stealth
 12063 | Lair:2   | You are sucked into a shaft and drop 1 floor!
 12376 | Lair:3   | Found a staircase to the Swamp.
 12900 | Lair:2   | Reached skill level 10 in Fighting
 13467 | Lair:2   | Found a hole to the Spider Nest.
 13478 | Lair:2   | Mangled by a culicivora

Illustrated notes

Levels and vault maps discovered:
D:1:      ncdulo_smallfort, layout_loops_ring
D:2:      layout_loops_ring, uniq_jessica, uniq_sigmund
D:3:      wander_river, layout_loops_ring, okawaru_metal_pillars_3,
          jmf_multi_god_temple
D:4:      layout_cave_pools, eat_drink_and_be_merry_uskayaw,
          lemuel_mausoleum_altar_kikubaaqudgha, gammafunk_ghost_smash,
          uniq_blork_the_orc
D:5:      layout_loops_ring, lemuel_tele_altar,
          mainiacjoe_overflow_concentric_impassable,
          minmay_temple_entry_overgrown, roderic_batcave, uniq_ijyb,
          uniq_crazy_yiuf_cottage
D:6:      layout_basic
D:7:      layout_basic, mainiacjoe_overflow_cross_hatched,
          grunt_gozag_breadcrumbs, mainiacjoe_overflow_boulevard, enter_bailey_2
D:8:      cheibrodos_wizards_tower, layout_loops_ring, elyvilon_altar_1,
          serial_shops, nicolae_lakefront_shop, gammafunk_ghost_ooze,
          reono_crystal_passage, chequers_jeans, minmay_manual_monstrance,
          uniq_grum
D:9:      minmay_skewed_foursquare, layout_cave_pools,
          nicolae_qazlal_general_emergency, orc_0_dummy,
          minmay_misc_feat_nine_boxes, minmay_statue_crystal_thing, uniq_joseph
D:10:     layout_rooms, amcnicky_altar_gilded, minmay_misc_feat_columns,
          nicolae_nh_ransacked_shop
Lair:1:   layout_layer_cave, grunt_megastairs_1
Lair:2:   layout_cave_pods, spider_nest_entry_funnel_web
Lair:3:   cheibrodos_magma_flow, layout_small_grid, swamp_mist,
          beast_lair_carwin_10

Skill      XL: |  1  2  3  4  5  6  7  8  9 10 11 12 |
---------------+-------------------------------------+-----
Short Blades   | 3 5 6 7 8 10 11 12 | 12.3
Fighting       | 3 4 5 6 7 9 10 | 10.0
Dodging        | 3 4 5 6 8 9 10 | 10.7
Stealth        | 6 7 8 9 11 12 13 | 13.5
Invocations    | 2 5 7 8 9 |  9.8
Shields        | 1 3 |  3.5
Throwing       | |  2.1

Action                   |  1- 3 |  4- 6 |  7- 9 | 10-12 || total
-------------------------+-------+-------+-------+-------++-------
Melee: Dagger            |    75 |    95 |   389 |   158 ||   717
       Punch             |     1 |     2 |     9 |     2 ||    14
       Rapier            |       |       |       |   331 ||   331
Throw: Throwing net      |     2 |       |     1 |       ||     3
       Dart              |     1 |     2 |       |       ||     3
Invok: Stomp             |       |       |     3 |       ||     3
       Line Pass         |       |       |     2 |     4 ||     6
  Use: Scroll            |     1 |     2 |     8 |    11 ||    22
       Potion            |       |       |       |     1 ||     1
 Stab: Sleeping          |     8 |    14 |    48 |    33 ||   103
       Distracted        |       |     1 |     3 |     7 ||    11
       Paralysed         |       |       |     9 |    37 ||    46
       Held in net/web   |       |       |     1 |       ||     1
       Confused          |       |       |     1 |     3 ||     4
Armor: Robe              |     8 |     5 |    16 |    37 ||    66
Dodge: Dodged            |    52 |    33 |   129 |   429 ||   643
Block: Buckler           |       |       |       |    85 ||    85

Table legend: (Time is in decaauts)
 A = Elapsed time spent in this place.
 B = Non-inter-level travel time spent in this place.
 C = Inter-level travel time spent in this place.
 D = Time resting spent in this place.
 E = Time spent auto-exploring this place.
 F = Levels seen in this place.
 G = Mean time per level.
                   A        B        C        D        E       F      G
               +--------+--------+--------+--------+--------+-----+--------+
         Total |  12982 |  12574 |    408 |     28 |  10627 |  14 |  927.3 |
       Dungeon |   9178 |   8810 |    368 |     28 |   7299 |  10 |  917.8 |
          Lair |   3384 |   3344 |     40 |      0 |   2977 |   3 | 1128.0 |
        Bailey |    419 |    419 |      0 |      0 |    351 |   1 |  419.0 |
               +--------+--------+--------+--------+--------+-----+--------+

Top non-repeatable levels by time:
  Lair:1: 1799 daAuts
     D:8: 1490 daAuts
     D:9: 1255 daAuts
  Lair:2: 1131 daAuts
     D:6: 1108 daAuts
     D:5: 1022 daAuts
     D:2: 887 daAuts
     D:4: 868 daAuts
     D:1: 867 daAuts
     D:3: 826 daAuts
     D:7: 745 daAuts
  Lair:3: 452 daAuts
  Bailey: 419 daAuts
    D:10: 106 daAuts
